 Dungeon Crawl Stone Soup version 0.19-a0-1365-gb34f4cb (webtiles) character file.

48 dorian the Gusty (level 3, 0/26 HPs)
             Began as a Demigod Air Elementalist on Sept 2, 2016.
             Slain by an adder (2 damage)
             ... on level 2 of the Dungeon.
             The game lasted 00:02:53 (1057 turns).

dorian the Gusty (Demigod Air Elementalist)         Turns: 1057, Time: 00:02:54

Health: 0/26       AC:  3    Str: 11    XL:     3   Next: 30%
Magic:  0/8        EV: 13    Int: 19    God:
Gold:   40         SH:  0    Dex: 18    Spells: 1 memorised, 4 levels left

rFire  . . .     SeeInvis .     (no weapon)
rCold  . . .     Gourm    .     a - +0 robe
rNeg   . . .     Faith    .     (no shield)
rPois  .         Spirit   .     (no helmet)
rElec  .         Dismiss  .     g - +0 cloak
rCorr  .         Reflect  .     (no gloves)
MR     .....     Harm     .     (no boots)
Stlth  ++........               (no amulet)
                                (no ring)
                                (no ring)

@: lethally poisoned (0 -> -13), very slightly contaminated
A: high mp 1
a: no special abilities


You were on level 2 of the Dungeon.
You were not hungry.

You visited 1 branch of the dungeon, and saw 2 of its levels.

You collected 40 gold pieces.

Inventory:

Armour
 a - a +0 robe (worn)
 g - a +0 cloak (worn)
Jewellery
 k - a +2 amulet of reflection {unknown}
Scrolls
 f - a scroll of identify {unknown}
 i - a scroll of fog {unknown}
 n - a scroll of enchant armour {unknown}
Potions
 d - a potion of brilliance {unknown}
 e - a potion of curing {unknown}
 m - a potion of agility {unknown}
Books
 b - a book of Air

   Spells                             Type                      Level
   a - Shock                          Conjuration/Air              1
   b - Swiftness                      Charms/Air                   2
   c - Repel Missiles                 Charms/Air                   2
   d - Static Discharge               Conjuration/Air              3
   e - Lightning Bolt                 Conjuration/Air              5
Comestibles
 c - 2 bread rations
 h - a meat ration
 j - a beef jerky
 l - 2 chunks of flesh


   Skills:
 + Level 2.6 Dodging
 - Level 1.7 Stealth
 - Level 1.7 Spellcasting
 + Level 2.4 Conjurations
 - Level 2.6 Air Magic


You had 4 spell levels left.
You knew the following spells:

 Your Spells              Type           Power        Failure   Level  Hunger
a - Shock                 Conj/Air       ##..         10%         1    #......


Dungeon Overview and Level Annotations

Branches:
Dungeon (2/15)


Innate Abilities, Weirdness & Mutations

You have an increased reservoir of magic. (+10% MP)


Message History

You feel sick. The adder barely misses you.
You hit the adder but do no damage.
The adder is moderately wounded.
You feel sick. The adder bites you.
* * * LOW HITPOINT WARNING * * *
You are more poisoned.
The adder poisons you!
You are too injured to fight recklessly!
Casting: Shock
Confirm with . or Enter, or press ? or * to list all spells.
Aiming: Shock
Press: ? - help, Shift-Dir - straight line, f/p - worm
Aim: a worm (moderately wounded)
The zap misses the adder.
The zap hits the worm.
The worm is heavily wounded.
* * * LOW HITPOINT WARNING * * *
You feel sick. The adder bites you.
* * * LOW HITPOINT WARNING * * *
The adder bites you.
You die...

#. #.#########
#.#.........# #
#.#.........# ##
#.#.#.........#
.#######.#.#.........##
...<...)........w..w.>#
####)#####.....#S#..#.#
............รท###@#..#
####..#..#.......#(.#
...##)#..#.#####.#.........
.................##.#$_..8.
......#.########..#........
....#.....# #..###......
....###.#.### #.. ......
....# #.....# #.#. ##...
....# ###.### .##


You could see a worm and an adder.

Vanquished Creatures
  2 adders (D:2)
  A dart slug (D:1)
  2 giant geckos (D:1)
  4 bats
  A giant cockroach (D:2)
  4 goblins (D:1)
  4 hobgoblins
  2 jackals (D:2)
  A kobold (D:2)
  3 giant newts
  A rat (D:2)
25 creatures vanquished.

Notes
Turn   | Place    | Note
-------+----------+-------------------------------------------
     0 | D:1      | dorian the Demigod Air Elementalist began the quest for the Orb.
     0 | D:1      | Reached XP level 1. HP: 14/14 MP: 5/5
    59 | D:1      | Reached skill level 1 in Conjurations
   406 | D:1      | Reached XP level 2. HP: 14/20 MP: 0/7
   887 | D:2      | Reached XP level 3. HP: 25/26 MP: 0/8
  1025 | D:2      | Found a hazy altar of Hepliaklqana.
  1057 | D:2      | Slain by an adder

Vault maps used:
D:1:      dpeg_arrival_chambers_temple_mockup
D:2:      grunt_temple_overflow_open, first_bread, uniq_iyjb

Skill      XL: |  1  2 |
---------------+-------+-----
Conjurations   | 1 2 |  2.4
Dodging        | 2 |  2.6
Stealth        | |  1.7
Spellcasting   | |  1.7
Air Magic      | |  2.6

Action                   || total
-------------------------++-------
Melee: Unarmed           ||    48
 Cast: Shock             ||    53
  Eat: Chunk             ||     1
Armor: Robe              ||     9
Dodge: Dodged            ||    43
